Map: Arctic Flowers LE

Players

Whitefox - Winner!

  • Race: Zerg Zerg
  • League: Silver
  • Spawn Location: 7:00

MARVEL - Winner!

  • Race: Protoss Protoss
  • Spawn Location: 7:00

Ekelpack

  • Race: Zerg Zerg
  • Spawn Location: 1:00

Nyck

  • Race: Terran Terran
  • Spawn Location: 1:00

VOD

Have the link to the VOD?

Description

Time

  • Played on: April 1, 2025, 12:24 p.m.
  • Length: 12:09
Show
View Real Time Build Order
Export as new Build Order

Whitefox Zerg - Winner!

Build Orders: Hatch First, Brood Lord Corruptor 

Get SALT Encoding   

  12  0:01  Drone  
  13  0:08  Drone  
  14  0:15  Drone, Extractor  
  15  0:37  Hatchery  
  14  0:43  Overlord  
  14  1:02  Drone x2  
  16  1:06  Spawning Pool  
  16  1:08  Extractor  
  16  1:10  Drone  
  15  1:18  Drone  
  16  1:24  Drone  
  17  1:35  Drone  
  18  1:45  Drone  
  19  1:55  Queen x2  
  19  2:01  Overlord  
  23  2:06  Drone  
  24  2:08  Drone  
  24  2:11  Drone  
  26  2:19  Drone  
  27  2:24  Drone x2  
  29  2:37  Lair  
  29  2:38  Drone  
  29  2:39  Drone  
  29  2:41  Extractor  
  30  2:46  Overlord, Extractor x2  
  28  2:56  Drone x3  
  31  3:01  Drone  
  32  3:07  Drone  
  32  3:10  Drone x3  
  36  3:15  Drone x3  
  36  3:18  Drone  
  40  3:30  Overlord  
  40  3:37  Spire  
  39  3:42  Overlord  
  39  3:44  Overlord  
  39  3:54  Overlord  
  39  4:47  Drone  
  39  4:51  Mutalisk x8  
  39  4:52  Mutalisk x2  
  60  4:58  Drone x7  
  67  5:02  Overlord  
  67  5:13  Infestation Pit  
  66  5:34  Metabolic Boost, Evolution Chamber  
  65  5:35  Evolution Chamber  
  65  5:41  Extractor  
  63  5:45  Extractor  
  62  5:56  Hatchery  
  55  6:51  Overlord x3  
  51  7:14  Hive  
  51  7:16  Zerg Melee Weapons Level 1  
  51  7:17  Zerg Ground Armor Level 1  
  51  7:19  Drone x3  
  51  7:20  Drone x2  
  51  7:21  Drone  
  57  7:42  Queen  
  59  7:54  Overlord x3  
  59  7:56  Zergling x2  
  59  7:57  Zergling x16  
  68  8:17  Baneling Nest  
  67  8:28  Greater Spire  
  67  8:32  Zergling x16  
  67  8:33  Zergling x14  
  82  9:01  Baneling x4  
  82  9:02  Baneling x14  
  82  9:05  Centrifugal Hooks  
  82  9:11  Zerg Melee Weapons Level 2  
  82  9:12  Zerg Ground Armor Level 2  
  82  9:15  Corruptor, Overlord x3  
  82  9:16  Zergling x6  
  82  9:17  Zergling x18  
  77  9:47  Zergling x2  
  77  9:48  Zergling x22  
  74  9:57  Corruptor  
  75  10:05  Brood Lord  
  77  10:10  Corruptor  
  77  10:11  Corruptor x6  
  81  10:35  Corruptor x4  
  82  10:38  Drone x2  
  86  10:49  Drone  
  88  10:50  Drone x4  
  88  10:53  Drone  
  88  10:54  Drone  
  93  10:57  Drone  
  93  10:59  Drone  
  93  11:01  Drone  
  88  11:21  Brood Lord x2  
  88  11:22  Brood Lord x2  
  96  11:27  Brood Lord  
  96  11:31  Brood Lord  
  96  11:32  Brood Lord x5  
  110  11:59  Extractor  
  110  12:00  Hatchery  
Show
View Real Time Build Order
Export as new Build Order

MARVEL Protoss - Winner!

Build Orders: 1 Gate Expand 

Get SALT Encoding   

  12  0:01  Probe  
  13  0:13  Probe  
  14  0:25  Pylon  
  14  0:26  Probe  
  15  0:43  Probe  
  15  0:48  Assimilator  
  16  0:55  Probe  
  17  0:57  Gateway  
  17  1:07  Probe  
  18  1:16  Probe  
  18  1:24  Probe  
  19  1:27  Pylon  
  20  1:34  Probe  
  21  1:41  Nexus  
  21  2:07  Cybernetics Core  
  21  2:10  Gateway  
  21  2:22  Pylon  
  21  2:24  Assimilator  
  21  2:40  Warp Gate  
  21  2:43  Probe  
  21  2:44  Pylon  
  22  2:51  Probe  
  22  2:53  Adept  
  22  2:57  Adept  
  22  2:58  Probe  
  27  3:00  Probe  
  28  3:06  Probe  
  29  3:16  Probe  
  29  3:18  Pylon  
  30  3:28  Probe  
  30  3:29  Shield Battery  
  31  3:39  Assimilator, Probe  
  31  3:40  Probe  
  33  3:49  Shield Battery  
  33  3:51  Probe  
  33  3:52  Probe  
  35  3:57  Gateway  
  35  4:01  Sentry  
  37  4:03  Probe  
  37  4:04  Adept, Probe  
  41  4:15  Probe  
  41  4:16  Probe  
  43  4:24  Twilight Council  
  43  4:28  Probe  
  44  4:48  Charge  
  44  5:01  Forge  
  44  5:26  Dark Shrine  
  42  5:29  Pylon  
  42  5:32  Pylon  
  42  5:33  Probe x2  
  44  5:43  Adept x3  
  44  5:45  Probe x2  
  52  5:51  Gateway  
  52  5:55  Gateway  
  52  5:57  Probe x2  
  52  5:58  Gateway  
  52  6:03  Gateway  
  52  6:04  Gateway  
  54  6:09  Probe x2  
  56  6:11  Protoss Ground Weapons Level 1  
  56  6:21  Probe x2  
  58  6:33  Assimilator, Probe  
  58  6:34  Probe  
  58  6:35  Pylon  
  60  6:46  Probe x2  
  62  6:48  Blink  
  62  6:50  Dark Templar x2  
  62  6:51  Dark Templar  
  62  6:54  Stalker x3  
  72  6:58  Probe x2  
  76  7:10  Probe x2  
  74  7:44  Nexus  
  74  7:47  Pylon  
  74  7:50  Pylon  
  72  7:52  Zealot x6  
  72  7:53  Assimilator  
  84  7:59  Assimilator  
  84  8:08  Robotics Facility  
  84  8:11  Pylon  
  84  8:13  Pylon  
  84  8:15  Pylon  
  84  8:18  Pylon  
  84  8:37  Photon Cannon  
  84  8:38  Photon Cannon  
  84  8:39  Stalker x4  
  84  8:40  Stalker, Photon Cannon  
  94  8:43  Photon Cannon  
  94  8:44  Shield Battery  
  94  8:46  Shield Battery  
  84  8:48  Dark Templar  
  84  8:49  Dark Templar  
  84  8:50  Shield Battery  
  84  8:53  Sentry  
  90  9:07  Dark Templar x3  
  90  9:08  Dark Templar  
  98  9:22  Zealot x4  
  104  10:14  Zealot  
  104  10:15  Zealot x7  
  120  10:23  Probe x3  
  119  10:33  Gateway  
  119  10:35  Gateway, Probe x3  
  112  10:38  Gateway  
  112  10:40  Gateway  
  106  10:43  Gateway  
  106  10:47  Probe  
  106  10:48  Probe x2  
  103  10:59  Probe  
  103  11:00  Probe x2  
  96  11:11  Probe  
  96  11:12  Probe x2  
  87  11:39  Probe  
  88  11:52  Zealot x2  
  88  11:53  Zealot x6  
Show
View Real Time Build Order
Export as new Build Order

Ekelpack Zerg 

Build Orders: Hatch First 

Get SALT Encoding   

  12  0:00  Drone  
  13  0:12  Overlord  
  13  0:19  Drone  
  14  0:30  Drone  
  14  0:31  Drone  
  16  0:35  Drone  
  17  0:51  Hatchery  
  17  0:55  Extractor  
  17  0:56  Drone  
  16  0:58  Drone  
  17  1:13  Spawning Pool  
  17  1:15  Drone  
  17  1:20  Drone  
  18  1:28  Drone  
  19  1:40  Drone  
  20  1:51  Overlord  
  20  2:00  Queen  
  22  2:03  Queen  
  22  2:04  Drone  
  25  2:08  Drone  
  25  2:15  Drone  
  27  2:19  Metabolic Boost  
  27  2:21  Zergling x2  
  28  2:26  Drone  
  29  2:32  Drone  
  29  2:36  Lair  
  30  2:42  Roach Warren  
  29  2:48  Drone x2  
  31  2:57  Drone  
  31  2:58  Drone x3  
  35  3:05  Extractor  
  34  3:06  Drone  
  34  3:07  Overlord  
  35  3:15  Extractor  
  35  3:17  Extractor  
  35  3:18  Drone x2  
  35  3:19  Drone  
  36  3:20  Evolution Chamber  
  36  3:21  Drone  
  36  3:29  Overlord  
  36  3:31  Drone x3  
  39  3:44  Drone x3  
  39  3:45  Drone  
  39  3:48  Zerg Missile Weapons Level 1  
  43  3:52  Hydralisk Den  
  43  3:54  Drone  
  43  3:59  Drone  
  44  4:03  Queen  
  44  4:06  Overlord  
  46  4:15  Roach x3  
  52  4:22  Overlord  
  52  4:26  Drone  
  52  4:28  Glial Reconstitution  
  53  4:32  Grooved Spines  
  53  4:34  Hydralisk  
  55  4:47  Hydralisk x4  
  63  4:53  Overlord  
  63  5:16  Hydralisk x3  
  63  5:17  Hydralisk x3  
  75  5:33  Zergling x2  
  75  5:34  Overlord x2  
  76  5:47  Zerg Missile Weapons Level 2  
  76  5:52  Overlord  
  76  5:57  Hatchery  
  66  6:22  Queen  
  66  6:25  Drone x4  
  69  6:26  Drone x3  
  69  6:30  Spore Crawler  
  69  6:31  Spore Crawler  
  65  6:46  Drone  
  58  7:18  Drone  
  59  7:27  Overseer  
  55  7:41  Drone x4  
  59  7:47  Drone  
  60  8:07  Zerg Ground Armor Level 1  
  60  8:09  Drone  
  60  8:10  Drone x2  
  60  8:12  Spore Crawler  
  62  8:22  Spore Crawler  
  62  8:26  Spore Crawler  
  60  8:27  Drone x2  
  62  8:49  Drone x7  
  62  8:50  Drone  
  70  9:01  Drone  
  71  9:08  Drone x3  
  74  9:24  Hydralisk x5  
  74  9:25  Hydralisk x2  
  59  9:58  Hydralisk x4  
  59  9:59  Hydralisk x5  
  61  10:33  Hydralisk x5  
  61  10:34  Hydralisk  
  61  10:43  Hydralisk x5  
  37  11:07  Hydralisk  
  37  11:08  Hydralisk x2  
  41  11:21  Drone x2  
  43  11:37  Drone x3  
  43  11:39  Drone  
  47  11:48  Drone x2  
  47  11:53  Drone  
Show
View Real Time Build Order
Export as new Build Order

Nyck Terran 

Build Orders:  

Get SALT Encoding   

  12  0:00  SCV  
  13  0:12  SCV  
  14  0:17  Supply Depot  
  14  0:24  SCV  
  15  0:39  SCV  
  15  0:41  Barracks  
  16  0:49  Barracks  
  16  0:52  SCV  
  17  1:04  SCV  
  17  1:07  Refinery  
  17  1:10  Supply Depot  
  18  1:18  SCV  
  19  1:32  Orbital Command  
  19  1:35  Marine  
  19  1:37  Marine  
  21  1:59  Marine x2  
  21  2:00  SCV  
  24  2:31  SCV  
  24  2:32  Marine x2  
  24  2:36  Refinery  
  27  2:39  Factory  
  27  2:46  SCV  
  28  2:53  Command Center  
  28  2:58  Barracks Tech Lab, Barracks Reactor  
  28  2:59  SCV  
  29  3:11  SCV  
  30  3:19  Combat Shield  
  30  3:23  SCV  
  31  3:28  Starport  
  31  3:35  Supply Depot  
  31  3:37  Factory Reactor  
  31  3:56  SCV, Marine x3  
  31  3:58  Supply Depot  
  35  4:14  Barracks  
  35  4:18  Marine x3  
  35  4:23  SCV  
  39  4:25  Orbital Command  
  39  4:36  SCV  
  40  4:38  Refinery  
  40  4:39  Refinery  
  40  4:40  Medivac x2  
  40  4:43  Stimpack  
  44  4:49  SCV  
  45  4:54  SCV, Engineering Bay  
  45  4:58  Marine x2  
  45  4:59  Marine  
  49  5:01  SCV  
  49  5:07  SCV  
  51  5:12  Medivac x2  
  51  5:13  SCV  
  56  5:14  Barracks Reactor  
  56  5:18  Supply Depot  
  56  5:19  SCV  
  57  5:31  SCV, Terran Infantry Weapons Level 1  
  57  5:35  Engineering Bay  
  58  5:39  Marine  
  58  5:40  Marine x2  
  61  5:44  Medivac  
  61  5:49  Medivac  
  63  6:09  Missile Turret  
  63  6:14  Missile Turret  
  63  6:22  SCV x2, Marine  
  63  6:23  Marine x4  
  70  6:29  Missile Turret  
  70  6:36  Terran Infantry Armor Level 1  
  70  6:38  Missile Turret  
  70  6:41  Marine  
  70  6:43  Viking  
  70  6:44  Viking  
  69  6:54  SCV x2  
  71  7:10  Missile Turret  
  71  7:12  Marine x4  
  71  7:13  Marine  
  71  7:15  Viking  
  75  7:30  Marine  
  75  7:35  SCV  
  75  7:36  SCV  
  68  7:46  Viking x2  
  72  7:56  Marine x2  
  72  7:57  Armory  
  74  8:00  SCV  
  75  8:20  SCV x2  
  75  8:21  Marine  
  78  8:31  Marine  
  78  8:32  Marine  
  78  8:53  Marine x5, Viking  
  78  8:55  SCV  
  86  8:58  Supply Depot  
  86  9:02  Terran Infantry Weapons Level 2  
  86  9:03  Terran Infantry Armor Level 2  
  86  9:05  SCV  
  86  9:08  SCV  
  88  9:11  Marine  
  90  9:17  SCV  
  90  9:20  Supply Depot  
  90  9:21  SCV  
  90  9:23  Marine  
  90  9:24  Marine x3  
  65  9:44  Supply Depot  
  50  10:02  Marine  
  50  10:03  Marine x4  
  43  10:07  Liberator x2  
  43  10:15  SCV  
  43  10:16  SCV  
  45  10:34  Marine x4  
  45  10:35  Marine  
  40  10:39  SCV  
  33  10:52  Marine x4  
  28  11:15  Liberator x2  
  28  11:16  Marine x5  
  37  11:24  SCV  
  38  11:37  SCV  
  39  12:06  Command Center  
Tags
 
Add a new tag
Caveats
  • Supply blocks, unpowered buildings, or Contaminate may cause inaccurate times.
  • Supply counts are checked every 10 seconds.